 Dungeon Crawl Stone Soup version 0.30-a0-322-g102857c98e (webtiles) character file.

Game seed: 12782129211070779263

132887 KennySheep the Destroyer (level 16, -16/130 HPs)
             Began as a Demigod Conjurer on Oct 27, 2022.
             Demolished by a golden dragon simulacrum (21 damage)
             ... in an ice cave on Oct 28, 2022.
             The game lasted 01:44:30 (26676 turns).

KennySheep the Destroyer (Demigod Conjurer)        Turns: 26676, Time: 01:44:31

Health: -16/130    AC: 14    Str: 11 (12) XL:     16   Next: 10%
Magic:  25/45      EV: 16    Int: 44      God:
Gold:   1674       SH:  0    Dex: 16      Spells: 18/37 levels left

rFire   . . .      SeeInvis +    a - +7 lajatang of Order {silver, rMut}
rCold   + . .      Faith    .    (shield currently unavailable)
rNeg    . . .      Spirit   .    j - +4 robe of Augmentation {Str+4 Int+4 Dex+4}
rPois   +          Reflect  .    s - +2 helmet
rElec   .          Harm     .    p - +2 cloak
rCorr   .          Rampage  .    (no gloves)
rMut    +          Clarity  +    f - +1 pair of boots
Will    +....                    U - amulet "Arrosom" {Acrobat rC+}
Stlth   ++++......               K - ring of magical power
HPRegen 0.41/turn                v - ring of see invisible
MPRegen 0.29/turn

@: studying Short Blades
A: high MP 1, forlorn, divine attributes, clarity, deterioration 1, poison
resistance
a: no special abilities


You were in an ice cave.
You visited 3 branches of the dungeon, and saw 22 of its levels.
You also visited: Gauntlet, Ice Cave and Volcano.

You collected 1984 gold pieces.
You spent 310 gold pieces at shops.

Inventory:

Hand Weapons
 a - the +7 lajatang of Order (weapon) {silver, rMut}
   (You found it on level 5 of the Lair of Beasts)

   It inflicts extra damage upon those it strikes, and deals substantially
   increased damage to chaotic, mutated and magically transformed beings.
   rMut:      It protects you from mutation.
 b - the +5 lajatang "Suecoj Qoihe" {vamp, *Rage rF++ rN+ MP+9}
   (You took it off a kobold on level 10 of the Dungeon)

   It occasionally heals its wielder for a portion of the damage dealt when it
   wounds a living foe.
   rF:        It greatly protects you from fire.
   rN:        It protects you from negative energy.
   MP:        It affects your magic capacity (+9).
   *Rage:     It berserks you when you make melee attacks (+20% chance).
Missiles
 J - 5 throwing nets
Armour
 f - a +1 pair of boots (worn)
 j - the +4 robe of Augmentation (worn) {Str+4 Int+4 Dex+4}
   (You found it on level 2 of the Dungeon)

   Str:       It affects your strength (+4).
   Int:       It affects your intelligence (+4).
   Dex:       It affects your dexterity (+4).
 p - a +2 cloak (worn)
 s - a +2 helmet (worn)
Magical Staves
 E - a staff of death
Jewellery
 d - a ring of protection from cold
 v - a ring of see invisible (right hand)
 K - a ring of magical power (left hand)
 M - a +6 ring of intelligence
 T - a ring of positive energy
 U - the amulet "Arrosom" (around neck) {Acrobat rC+}
   (You found it in a Gauntlet)

   [amulet of the acrobat]

   It increases your evasion while moving and waiting.
   rC:        It protects you from cold.
 X - a ring of magical power
Wands
 t - a wand of paralysis (46)
 x - a wand of mindburst (7)
 B - a wand of iceblast (6)
 C - a wand of polymorph (9)
 H - a wand of acid (4)
 R - a wand of flame (19)
 W - a wand of digging (1)
Scrolls
 c - 2 scrolls of butterflies
 e - 14 scrolls of teleportation
 g - 3 scrolls of amnesia
 h - a scroll of summoning
 n - 2 scrolls of immolation
 r - 4 scrolls of enchant weapon
 u - 4 scrolls of noise
 y - 4 scrolls of vulnerability
 z - 8 scrolls of identify
 N - a scroll of fear
 O - 2 scrolls of silence
Potions
 i - 7 potions of mutation
 k - 4 potions of lignification
 l - 9 potions of curing
 m - 9 potions of heal wounds
 o - 2 potions of brilliance {unknown}
 q - a potion of berserk rage
 A - a potion of ambrosia
 D - a potion of invisibility {unknown}
 F - 4 potions of haste
 L - 2 potions of flight {unknown}
 P - a potion of attraction {unknown}
 Q - 3 potions of might
Miscellaneous
 I - a piece from Xom's chessboard (15/15)


   Skills:
 + Level 8.8 Fighting
 + Level 7.1 Staves
 + Level 7.9 Dodging
 - Level 8.1 Stealth
 + Level 11.1 Spellcasting
 - Level 12.0 Conjurations
 * Level 7.5 Summonings
 - Level 11.4 Translocations


You had 18 spell levels left.
You knew the following spells:

 Your Spells              Type           Power      Damage    Failure   Level
a - Magic Dart            Conj           100%       1d8       0%          1
b - Searing Ray           Conj           100%       2d8       0%          2
c - Iskenderun's Mystic   Conj/Tloc      91%        2d18      1%          4
d - Call Canine Familiar  Summ           74%        N/A       1%          3
e - Dragon's Call         Summ           37%        N/A       100%        9

Your spell library contained the following spells:

 Spells                   Type           Power      Damage    Failure   Level
 Kiss of Death            Conj/Necr      100%       2d13      1%          1
 Summon Small Mammal      Summ           100%       N/A       1%          1
 Cigotuvi's Dreadful Rot  Necr/Pois/Air  48%        N/A       1%          2
 Ensorcelled Hibernation  Hex/Ice        48%        N/A       1%          2
 Poisonous Vapours        Pois/Air       48%        N/A       1%          2
 Dazzling Flash           Conj/Hex       100%       N/A       1%          3
 Mephitic Cloud           Conj/Pois/Air  56%        N/A       1%          3
 Portal Projectile        Hex/Tloc       100%       N/A       1%          3
 Summon Guardian Golem    Hex/Summ       55%        N/A       1%          3
 Vhi's Electric Charge    Tloc/Air       100%       N/A       1%          3
 Fulminant Prism          Conj/Hex       33%        3d16      1%          4
 Passage of Golubria      Tloc           90%        N/A       1%          4
 Confusing Touch          Hex            24%        N/A       3%          3
 Ozocubu's Armour         Ice            24%        N/A       3%          3
 Spider Form              Tmut/Pois      24%        N/A       3%          3
 Tukima's Dance           Hex            24%        N/A       3%          3
 Anguish                  Hex/Necr       12%        N/A       12%         4
 Animate Dead             Necr           24%        N/A       12%         4
 Cause Fear               Hex            12%        N/A       12%         4
 Dispel Undead            Necr           24%        3d12      12%         4
 Ice Form                 Ice/Tmut       24%        N/A       12%         4
 Leda's Liquefaction      Hex/Erth       12%        N/A       12%         4
 Agony                    Necr           24%        N/A       32%         5
 Blade Hands              Tmut           12%        N/A       32%         5
 Borgnjor's Vile Clutch   Necr/Erth      12%        N/A       32%         5
 Metabolic Englaciation   Hex/Ice        12%        N/A       32%         5
 Silence                  Hex/Air        12%        N/A       32%         5
 Yara's Violent Unravell  Hex/Tmut       12%        3d7       32%         5
 Disjunction              Tloc           45%        N/A       58%         8
 Death Channel            Necr           12%        N/A       88%         6
 Haunt                    Necr/Summ      27%        N/A       91%         7
 Dragon Form              Tmut           12%        N/A       100%        7
 Infestation              Necr           12%        N/A       100%        8


Dungeon Overview and Level Annotations

Branches:
Dungeon (15/15)            Temple (0/1) D:5            Lair (5/5) D:8
 Shoals (0/4) Lair:3       Spider (0/4) Lair:3        Slime (0/5) Lair:5
    Orc (2/2) D:11         Vaults (0/5) D:13          IceCv (1/1)
Volcano (visited)         Gauntlet (visited)
    Elf: Orc:2       Depths: D:15

Shops:
D:3 [   D:12 [((   D:13 *   Orc:1 (   Orc:2 **:

Annotations:
D:5 2 transporters
D:12 Erolcha
Lair:1 1 runed translucent door


Innate Abilities, Weirdness & Mutations

You have an increased reservoir of magic. (+10% MP)
You shall have no god before yourself.
Your divine heritage dramatically boosts your attributes as you level up.
You possess an exceptional clarity of mind.
Your body sometimes deteriorates upon taking damage.
Your system is resistant to poisons. (rPois)


Message History

The mystic blast hits the golden dragon simulacrum but does no damage.
Casting: Iskenderun's Mystic Blast (safe; 1% risk of failure)
Confirm with . or Enter, or press ? or * to list all spells.
You erupt in a blast of force!
The mystic blast hits the golden dragon simulacrum!
The golden dragon simulacrum is lightly damaged.
The golden dragon simulacrum is knocked back by the mystic blast.
The golden dragon simulacrum slams into the ice covered rock wall!
Okay, then.
There is an ice covered gate leading back out of this place here.
Casting: Iskenderun's Mystic Blast (safe; 1% risk of failure)
Confirm with . or Enter, or press ? or * to list all spells.
You erupt in a blast of force!
The mystic blast hits the seven-headed hydra simulacrum!
The seven-headed hydra simulacrum is moderately damaged.
The seven-headed hydra simulacrum is knocked back by the mystic blast.
The seven-headed hydra simulacrum slams into the ice covered rock wall!
The seven-headed hydra simulacrum is severely damaged.
The mystic blast hits the golden dragon simulacrum but does no damage.
The golden dragon simulacrum is lightly damaged.
There is an ice covered gate leading back out of this place here.
Magic courses through your body. The golden dragon simulacrum bites you!
The golden dragon simulacrum freezes you!
You resist.
* * * LOW HITPOINT WARNING * * *
The golden dragon simulacrum claws you.
* * * LOW HITPOINT WARNING * * *
The golden dragon simulacrum freezes you!!
You resist.
* * * LOW HITPOINT WARNING * * *
The golden dragon simulacrum tramples you but does no damage.
Casting: Iskenderun's Mystic Blast (safe; 1% risk of failure)
Confirm with . or Enter, or press ? or * to list all spells.
You erupt in a blast of force!
The mystic blast hits the seven-headed hydra simulacrum!!
The seven-headed hydra simulacrum vaporises!
The mystic blast hits the golden dragon simulacrum but does no damage.
The golden dragon simulacrum is lightly damaged.
The golden dragon simulacrum bites you!!
You die...

#########
#.......#
#...∩...#
#..@Z...#
#..☼....#
#...∩...#
##.....##
##...##
##.##
#...#
#....°#
#Z......#


You could see a golden dragon simulacrum.

Vanquished Creatures
  Rupert (Lair:5)
  A dire elephant (Lair:5)
  A minotaur (Gauntlet)
  4 hydras
  The ghost of koil the Nimble, a journeyman SpHu of Kikubaaqudgha (Lair:2)
  2 boulder beetles
  3 ogre magi (D:13)
  A catoblepas (Lair:5)
  4 centaur warriors
  2 death knights (D:13)
  A tengu warrior (D:11)
  A deep troll shaman (Lair:5)
  5 two-headed ogres
  14 death yaks
  3 skeletal warriors (D:11)
  A wretched star (Gauntlet)
  A wizard (D:13)
  A lindwurm (Lair:5)
  4 orc knights
  5 deep elf pyromancers
  10 ugly things
  A salamander (Volcano)
  An orc sorcerer (Orc:1)
  3 cyclopes
  2 manticores
  3 black mambas
  A merfolk siren (Lair:3)
  5 elephants (Lair:5)
  A cane toad (shapeshifter) (D:15)
  2 unseen horrors
  16 cane toads
  2 gargoyles (D:13)
  A minotaur zombie (Gauntlet)
  2 kobold demonologists
  An efreet (D:15)
  Psyche (D:8)
  An anaconda simulacrum (IceCv)
  2 freezing wraiths
  A rime drake (Lair:5)
  A yaktaur (D:13)
  14 komodo dragons
  A tengu conjurer (D:11)
  3 golden dragon simulacra (IceCv)
  6 trolls
  A polar bear (Lair:5)
  Grinder (D:5)
  A hornet (D:7)
  9 blink frogs
  5 slime creatures (D:13)
  2 vampires
  A dire elephant simulacrum (IceCv)
  2 shadows
  18 yaks
  4 wyverns
  2 fire bats (Volcano)
  A wraith (D:13)
  2 basilisks (Lair:3)
  2 steam dragons
  10 vampire mosquitoes
  A neqoxec (Gauntlet)
  5 wargs (Orc:2)
  A harpy simulacrum (IceCv)
  An acid dragon (D:12)
  21 water moccasins
  4 hydra simulacra (IceCv)
  3 hell hounds (Volcano)
  2 sky beasts (D:7)
  4 black bears
  16 orc warriors
  4 alligator simulacra (IceCv)
  An ice beast (D:5)
  6 ogres
  19 wolves
  3 phantoms
  7 centaurs
  6 kobold brigands
  13 bullfrogs
  2 gnoll sergeants
  2 scorpions
  5 wights (D:9)
  10 killer bees
  2 troll zombies (D:11)
  13 howler monkeys
  2 electric eels (Lair:1)
  6 hounds
  14 orc priests
  7 jellies
  3 iguanas
  16 orc wizards
  6 ogre zombies (D:11)
  Robin (D:4)
  8 gnolls
  6 adders
  A white imp (D:7)
  An ufetubus (D:4)
  3 worms
  4 dart slugs
  56 orcs
  4 ball pythons
  4 bats
  5 endoplasms
  8 giant cockroaches
  18 goblins
  12 hobgoblins
  3 jackals (D:4)
  6 quokkas
  4 frilled lizards
  2 goblin skeletons (D:11)
  4 goblin zombies (D:11)
  3 hobgoblin zombies (D:11)
  22 kobolds
  4 orc skeletons (D:11)
  12 orc zombies (D:11)
  6 rats
600 creatures vanquished.

Vanquished Creatures (others)
  An orc wizard (Orc:1)
  A goblin (D:5)
  11 demonic plants (Gauntlet)
  34 fungi
  66 plants
113 creatures vanquished.

Grand Total: 713 creatures vanquished

Notes
Turn   | Place    | Note
-------+----------+-------------------------------------------
     0 | D:1      | KennySheep the Demigod Conjurer began the quest for the
                  | Orb.
     0 | D:1      | Reached XP level 1. HP: 14/14 MP: 5/5
   467 | D:1      | Reached XP level 2. HP: 20/20 MP: 4/7
   470 | D:1      | Learned a level 2 spell: Searing Ray
   610 | D:1      | Reached skill level 1 in Translocations
  1003 | D:2      | Reached skill level 4 in Conjurations
  1122 | D:2      | Reached XP level 3. HP: 26/26 MP: 4/8
  1375 | D:2      | Found the +4 robe of Augmentation {Str+4 Int+4 Dex+4}
  1828 | D:3      | Reached XP level 4. HP: 33/33 MP: 3/10
  1900 | D:3      | Learned a level 4 spell: Iskenderun's Mystic Blast
  2081 | D:3      | Gained mutation: You have a pair of small horns on your
                  | head. [potion of mutation]
  2095 | D:3      | Reached XP level 5. HP: 38/38 MP: 5/11
  2291 | D:3      | Found Keezuawetu's Antique Armour Shoppe.
  3249 | D:4      | Noticed an ogre
  3253 | D:4      | Killed an ogre
  3254 | D:4      | Reached skill level 5 in Conjurations
  3254 | D:4      | Reached XP level 6. HP: 45/45 MP: 4/13
  3348 | D:4      | Noticed Robin
  3368 | D:4      | Killed Robin
  3370 | D:4      | Lost mutation: You have a pair of small horns on your head.
                  | [potion of mutation]
  3370 | D:4      | Gained mutation: Your body sometimes deteriorates upon
                  | taking damage. [potion of mutation]
  3370 | D:4      | Gained mutation: You possess an exceptional clarity of
                  | mind. [potion of mutation]
  3370 | D:4      | Gained mutation: Your system is resistant to poisons.
                  | (rPois) [potion of mutation]
  4162 | D:5      | Entered Level 5 of the Dungeon
  4577 | D:5      | Found a transporter.
  4694 | D:5      | Reached XP level 7. HP: 50/50 MP: 11/15
  4847 | D:5      | Noticed Grinder
  4858 | D:5      | Killed Grinder
  4859 | D:5      | Reached skill level 6 in Conjurations
  5185 | D:5      | Found a staircase to the Ecumenical Temple.
  5209 | D:5      | Found a transporter.
  5362 | D:6      | Reached skill level 5 in Translocations
  5868 | D:6      | Reached XP level 8. HP: 51/57 MP: 10/17
  5955 | D:6      | Reached skill level 7 in Conjurations
  7181 | D:7      | Noticed a hornet
  7188 | D:7      | Killed a hornet
  7322 | D:7      | Reached skill level 8 in Conjurations
  7508 | D:7      | Reached XP level 9. HP: 58/62 MP: 11/20
  7581 | D:7      | Reached skill level 5 in Spellcasting
  8593 | D:8      | Reached skill level 9 in Conjurations
  8879 | D:8      | Found a staircase to the Lair.
  9086 | D:8      | Noticed Psyche
  9092 | D:8      | Killed Psyche
  9093 | D:8      | Reached XP level 10. HP: 69/69 MP: 13/22
 10395 | D:9      | Noticed a two-headed ogre
 10402 | D:9      | Killed a two-headed ogre
 10403 | D:9      | Reached skill level 1 in Fighting
 10403 | D:9      | Reached skill level 10 in Conjurations
 10928 | D:10     | Entered Level 10 of the Dungeon
 10974 | D:10     | Identified the +5 lajatang "Suecoj Qoihe" {vamp, *Rage rF++
                  | rN+ MP+9}
 11859 | D:11     | Noticed a tengu warrior
 11906 | Lair:1   | Entered Level 1 of the Lair of Beasts
 12055 | Lair:1   | Reached XP level 11. HP: 35/82 MP: 11/25
 12430 | Lair:1   | Reached skill level 10 in Translocations
 13048 | Lair:1   | Found a runed translucent door.
 13146 | Lair:2   | Reached skill level 11 in Conjurations
 13705 | Lair:2   | Found a runed translucent door.
 13706 | Lair:2   | Noticed koil's ghost (journeyman SpHu)
 13803 | Lair:2   | Reached skill level 5 in Fighting
 14035 | Lair:2   | Killed koil's ghost
 14052 | Lair:2   | Reached XP level 12. HP: 94/94 MP: 28/28
 14134 | Lair:3   | Noticed a boulder beetle
 14333 | Lair:3   | Killed a boulder beetle
 14610 | Lair:3   | Identified the +1 ring mail of Patterns {*Corrode rN+ MP+9}
 14644 | Lair:3   | Found a staircase to the Shoals.
 14705 | Lair:3   | Found a hole to the Spider Nest.
 14811 | Lair:3   | Got Eronowostre's Spellbook of Dimensional Curses
 15007 | Lair:3   | Reached XP level 13. HP: 76/102 MP: 9/30
 16654 | Lair:5   | Entered Level 5 of the Lair of Beasts
 16660 | Lair:5   | Reached skill level 5 in Dodging
 16867 | Lair:5   | Noticed Rupert
 17030 | Lair:5   | Reached skill level 12 in Conjurations
 17242 | Lair:5   | Got the Catalogue of Shivering Vitiation
 17292 | Lair:5   | Killed Rupert
 17479 | Lair:5   | Found a staircase to the Slime Pits.
 17536 | Lair:5   | Reached skill level 10 in Spellcasting
 17647 | Lair:5   | Learned a level 3 spell: Call Canine Familiar
 17657 | Lair:5   | Learned a level 9 spell: Dragon's Call
 17884 | Lair:5   | Identified the +1 robe of Henotheism {+Inv Str+7}
 18056 | Lair:5   | Reached skill level 1 in Summonings
 18383 | Lair:5   | Noticed a dire elephant
 18386 | Lair:5   | Found the +7 lajatang of Order {silver, rMut}
 18414 | Lair:5   | Killed a dire elephant
 18415 | Lair:5   | Reached XP level 14. HP: 30/113 MP: 1/33
 19161 | D:11     | Found a staircase to the Orcish Mines.
 19583 | D:11     | Reached skill level 1 in Staves
 20220 | D:12     | Found Xucvi's Weapon Shop.
 20402 | D:12     | Found a gate leading to a gauntlet.
 20446 | Gauntlet | Entered a Gauntlet
 20446 | Gauntlet | Found a transporter.
 20446 | Gauntlet | Found a transporter.
 20449 | Gauntlet | Found a transporter.
 20450 | Gauntlet | Found a transporter.
 20450 | Gauntlet | Noticed a balrug
 20465 | Gauntlet | Found a transporter.
 20466 | Gauntlet | Found a transporter.
 20473 | Gauntlet | Found a transporter.
 20481 | Gauntlet | Found a transporter.
 20499 | Gauntlet | Found a transporter.
 20504 | Gauntlet | Found a transporter.
 20526 | Gauntlet | Found a transporter.
 20604 | Gauntlet | Found a transporter.
 20723 | Gauntlet | Identified the amulet "Arrosom" {Acrobat rC+}
 21387 | D:12     | Found Zutrinur's Antique Armour Emporium.
 21395 | D:12     | Bought an encrusted leather armour for 245 gold pieces
 21395 | D:12     | Identified the +1 leather armour of Yphi Alo {rElec Str+4
                  | Stlth+} (You bought it in a shop on level 12 of the
                  | Dungeon)
 21406 | D:12     | Noticed Erolcha
 21439 | D:12     | Found Sacvoh's Antique Weapon Shop.
 21487 | Orc:1    | Entered Level 1 of the Orcish Mines
 21590 | Orc:1    | Found Lulithredgh's Antique Weapon Shop.
 21898 | Orc:2    | Entered Level 2 of the Orcish Mines
 21898 | Orc:2    | Found Lobet's General Store.
 21899 | Orc:2    | Found Deh Rooh's Book Shop.
 22083 | Orc:1    | Found a dark tunnel.
 22095 | Volcano  | Entered a volcano
 22217 | Volcano  | Reached skill level 5 in Summonings
 22530 | Orc:2    | Found Oxior's Assorted Antiques.
 23570 | D:12     | Found Hodihog's Magic Scroll Emporium.
 23947 | D:13     | Identified the +1 ring mail of an ice cave {Harm rPois
                  | Str+4}
 24242 | D:13     | Found a gate to the Vaults.
 24408 | D:13     | Identified the +12 chain mail "Gyittal" {Harm}
 24477 | D:13     | Found Ennutuk's General Store.
 24499 | D:13     | Bought a potion of heal wounds for 65 gold pieces
 25836 | D:14     | Identified the +7 great mace "Goblin's Nightmare" {elec,
                  | rF+}
 26361 | D:14     | Reached XP level 15. HP: 77/123 MP: 24/35
 26519 | D:15     | Entered Level 15 of the Dungeon
 26622 | D:15     | Found a frozen archway.
 26638 | IceCv    | Entered an ice cave
 26657 | IceCv    | Reached XP level 16. HP: 67/130 MP: 20/36
 26675 | IceCv    | HP: 4/130 [golden dragon simulacrum (24)]
 26676 | IceCv    | Demolished by a golden dragon simulacrum

Illustrated notes

Levels and vault maps discovered:
D:1:      heliophobic_arrival_glass_houses, layout_rooms
D:2:      layout_basic, skrybe_limestone_x, minmay_surrounded
D:3:      layout_basic, serial_shops, nicolae_shop_competitors_out_of_business
D:4:      kennysheep_goblin_castle, layout_gridville, lemuel_crystal_altar
D:5:      gammafunk_cloud_chamber, layout_loops_corners, dk_xom_monty_hall,
          minmay_temple_entry_statues_pillars, uniq_grinder
D:6:      layout_basic
D:7:      layout_gridville, chequers_avenue, minmay_three_doors
D:8:      layout_cave_pods, minmay_lair_entry_grove, uniq_psyche
D:9:      layout_loops_cross
D:10:     layout_cave_pools
D:11:     layout_stronghold, zombieorc2_lemuel, serial_column_ruins,
          column_ruins_open_tiny, column_ruins_open_large,
          column_ruins_corridor_plus, column_ruins_corridor_plus,
          column_ruins_open_tiny, column_ruins_columns_straight,
          nicolae_concentric_dashed_squares_mild
D:12:     layout_stronghold, gauntlet_entry_generic, serial_shops,
          nicolae_shop_statue_plus, nicolae_square_shop, kennysheep_little_box,
          nicolae_shop_overgrown_old_shop, uniq_erolcha
D:13:     layout_irregular_city, david_vaults_2, serial_shops,
          nicolae_shop_waterfront, minmay_shattered_shrine
D:14:     layout_cave_pods, solitary_fountain, grunt_decor_arrowhead,
          dreamdust_mushroom_princess
D:15:     grunt_enter_depths_hoard, layout_loops_ring,
          portal_ice_cave_entry_pillars_1, serial_park_tiny_1, uniq_nessos
Lair:1:   dreamdust_labyrinth, layout_chaotic_city, basic_altar,
          serial_bayou_shore_a
Lair:2:   layout_chaotic_city, hellmonk_ghost_happy_afterlife
Lair:3:   layout_loops_ring, minmay_shoals_entry_lonely_mermaid,
          dummy_spider_entry
Lair:4:   statuecave_lemuel, layout_regular_city, lemuel_fruit_tree
Lair:5:   grunt_lair_end_beastmaster, layout_cave_pods,
          nicolae_slime_entry_slimehenge, uniq_rupert
Orc:1:    layout_diamond_mine, serial_shops, nicolae_shop_behind_doors,
          basic_altar, nicolae_volcano_entry_s_turn
Orc:2:    st_orc_congregation, layout_caves, serial_shops, shop, shop,
          nicolae_square_shop, nicolae_lakefront_shop, shop
IceCv:    ice_cave_statue_garden_chambered

Skill      XL: |  1  2  3  4  5  6  7  8  9 10 11 12 13 14 15 |
---------------+----------------------------------------------+-----
Translocations | 1 2 3 4 5 7 8 9 10 11 | 11.4
Spellcasting   | 2 3 4 5 7 8 10 11 | 11.1
Conjurations   | 4 5 6 8 9 10 11 12 | 12.0
Fighting       | 3 5 7 8 |  8.8
Dodging        | 3 4 6 7 |  7.9
Stealth        | 8 |  8.1
Summonings     | 3 7 |  7.5
Staves         | 4 7 |  7.1

Action                   |  1- 3 |  4- 6 |  7- 9 | 10-12 | 13-15 | 16-18 || total
-------------------------+-------+-------+-------+-------+-------+-------++-------
Melee: Dagger            |    11 |     9 |    44 |    65 |    36 |       ||   165
       Punch             |     1 |       |     1 |       |     1 |       ||     3
       Headbutt          |       |     2 |       |       |       |       ||     2
       Lajatang          |       |       |       |    14 |   229 |     2 ||   245
 Cast: Magic Dart        |    93 |    92 |    37 |    15 |     3 |       ||   240
       Searing Ray       |     1 |    11 |    16 |    22 |     3 |     1 ||    54
       Iskenderun's Myst |       |     3 |    51 |   111 |   292 |     6 ||   463
Evoke: Wand              |       |       |       |       |     2 |       ||     2
  Use: Scroll            |     1 |       |    10 |     7 |     5 |       ||    23
       Potion            |       |     3 |     1 |     5 |     3 |     1 ||    13
 Stab: Sleeping          |       |       |     2 |     2 |     9 |       ||    13
Armor: Robe              |     1 |    13 |    47 |    87 |   177 |     2 ||   327
Dodge: Dodged            |    10 |    14 |    55 |   122 |   411 |     2 ||   614

Table legend: (Time is in decaauts)
 A = Elapsed time spent in this place.
 B = Non-inter-level travel time spent in this place.
 C = Inter-level travel time spent in this place.
 D = Time resting spent in this place.
 E = Time spent auto-exploring this place.
 F = Levels seen in this place.
 G = Mean time per level.
                   A        B        C        D        E       F      G
               +--------+--------+--------+--------+--------+-----+--------+
         Total |  26771 |  25498 |   1273 |   5587 |  15910 |  25 | 1070.8 |
       Dungeon |  17454 |  16793 |    661 |   2999 |  11408 |  15 | 1163.6 |
          Lair |   7070 |   6752 |    318 |   1901 |   3829 |   5 | 1414.0 |
  Orcish Mines |   1388 |   1095 |    293 |    498 |    390 |   2 |  694.0 |
      Ice Cave |     38 |     38 |      0 |      0 |      0 |   1 |   38.0 |
       Volcano |    260 |    260 |      0 |     23 |    116 |   1 |  260.0 |
      Gauntlet |    559 |    559 |      0 |    166 |    166 |   1 |  559.0 |
               +--------+--------+--------+--------+--------+-----+--------+

Top non-repeatable levels by time:
     D:7: 1842 daAuts
  Lair:5: 1781 daAuts
  Lair:4: 1730 daAuts
    D:13: 1669 daAuts
     D:8: 1654 daAuts
     D:4: 1601 daAuts
   Orc:1: 1299 daAuts
    D:12: 1286 daAuts
    D:11: 1273 daAuts
  Lair:1: 1235 daAuts
  Lair:3: 1204 daAuts
     D:5: 1180 daAuts
    D:14: 1142 daAuts
     D:9: 1129 daAuts
     D:6: 1126 daAuts
